 Dungeon Crawl Stone Soup version 0.28.0-43-g3370ac3207 (webtiles) character file.

Game seed: 6172939791535577626

128 pkoi the Ducker (level 4, -1/23 HPs)
             Began as a Spriggan Monk on Mar 8, 2022.
             Killed from afar by Natasha (6 damage)
             ... with a magic dart
             ... on level 2 of the Dungeon.
             The game lasted 00:04:37 (3818 turns).

pkoi the Ducker (Spriggan Monk)                     Turns: 3818, Time: 00:04:38

Health: -1/23      AC:  9    Str:  7    XL:     4   Next: 87%
Magic:  16/16      EV: 19    Int: 13    God:
Gold:   98         SH:  0    Dex: 17    Spells: 4/5 levels left

rFire   . . .      SeeInvis +   j - +0 dagger (protect)
rCold   . . .      Faith    .   (no shield)
rNeg    . . .      Spirit   .   a - +0 robe
rPois   .          Reflect  .   (helmet restricted)
rElec   .          Harm     .   (no cloak)
rCorr   .          Rampage  .   (gloves unavailable)
Will    .....                   (boots unavailable)
Stlth   +++.......              (no amulet)
HPRegen 0.07/turn               e - ring of magical power
MPRegen 0.15/turn               (no ring)

@: under a protective aura, very quick
A: very small, no large weapons, unfitting armour, see invisible, speed 3
a: no special abilities


You were on level 2 of the Dungeon.
You visited 1 branch of the dungeon, and saw 3 of its levels.

You collected 98 gold pieces.

Inventory:

Hand Weapons
 c - a +0 spear of pain
 j - a +0 dagger of protection (weapon)
Missiles
 h - a throwing net
Armour
 a - a +0 robe (worn)
Jewellery
 e - a ring of magical power (left hand)
 f - a ring of positive energy
Potions
 b - a potion of lignification {unknown}
 d - 2 potions of curing {unknown}


   Skills:
 - Level 2.4 Fighting
 + Level 4.4 Dodging
 + Level 4.1 Stealth
 * Level 3.7 Unarmed Combat
 + Level 1.4 Spellcasting
 + Level 1.1 Necromancy


You had 4 spell levels left.
You knew the following spells:

 Your Spells              Type           Power      Damage    Failure   Level
a - Beastly Appendage     Tmut           0%         N/A       26%         1

Your spell library contained the following spells:

 Spells                   Type           Power      Damage    Failure   Level
 Wereblood                Tmut           0%         N/A       38%         2
 Spider Form              Tmut/Pois      0%         N/A       63%         3


Dungeon Overview and Level Annotations

Branches:
Dungeon (3/15)

Altars:

Shops:
D:1 =

Annotations:
D:2 Natasha


Innate Abilities, Weirdness & Mutations

You are very small and have problems with some larger weapons.
You are too small for most types of armour.
You have supernaturally acute eyesight. (SInv)
You cover ground extremely quickly. (Speed+++)


Message History

Natasha is heavily wounded.
Natasha claws you.
* * * LOW HITPOINT WARNING * * *
You closely miss Natasha. Your headbutt misses Natasha.
Natasha is heavily wounded.
Natasha claws you.
* * * LOW HITPOINT WARNING * * *
You hit Natasha but do no damage. Your headbutt misses Natasha.
Natasha is heavily wounded.
Natasha stares at you and mumbles some strange words.
You easily resist.
You closely miss Natasha.
Natasha is heavily wounded.
Your horns disappear.
Your talons disappear.
Natasha mumbles some strange words.
You hit Natasha.
Natasha is severely wounded.
Natasha misses you.
You closely miss Natasha.
Natasha is severely wounded.
Natasha casts a spell at you.
You easily resist.
The shadow imp misses you.
You miss Natasha.
Natasha is severely wounded.
Natasha closely misses you. The shadow imp closely misses you.
You barely miss Natasha.
Natasha is severely wounded.
Natasha casts a spell at you. The magic dart hits you.
* * * LOW HITPOINT WARNING * * *
The shadow imp misses you.
You hit Natasha but do no damage.
Natasha is severely wounded.
Natasha casts a spell.
The shadow imp barely misses you.
You closely miss Natasha.
Natasha is severely wounded.
Natasha stares at you and mumbles some strange words.
The magic dart hits you.
You die...

############
#################..........#
..<............h@..........#
.#...###.#######55.........#
.#...###.# #.[.((..........#
.#...<...# #.####..........#
......##.# #.# #..........#
.#....######.# #..........#
...........#.# ############
##..######.#.#
#........#.#.#


You could see Natasha, a white imp (summoned) and a shadow imp (summoned).

Vanquished Creatures
  A hound (D:2)
  A centaur skeleton (D:3)
  An adder (D:2)
  A worm (D:2)
  3 orcs
  4 ball pythons
  5 bats
  8 endoplasms
  2 giant cockroaches
  2 goblins (D:1)
  5 hobgoblins
  3 jackals (D:1)
  A kobold (D:1)
  A quokka (D:1)
  4 frilled lizards
  6 rats
48 creatures vanquished.

Notes
Turn   | Place    | Note
-------+----------+-------------------------------------------
     0 | D:1      | pkoi the Spriggan Monk began the quest for the Orb.
     0 | D:1      | Reached XP level 1. HP: 11/11 MP: 2/2
   208 | D:1      | Found Usakh's Jewellery Shoppe.
   522 | D:1      | Reached XP level 2. HP: 15/16 MP: 3/3
  1505 | D:1      | Learned a level 1 spell: Beastly Appendage
  2120 | D:1      | Reached XP level 3. HP: 19/19 MP: 4/4
  2839 | D:2      | Reached skill level 1 in Spellcasting
  2839 | D:2      | Reached XP level 4. HP: 14/23 MP: 6/6
  3339 | D:3      | Reached skill level 1 in Necromancy
  3787 | D:3      | Noticed Natasha
  3818 | D:2      | Killed from afar by Natasha

Illustrated notes

Levels and vault maps discovered:
D:1:      matt_arrival_grand_opening, layout_rooms, serial_shops, shop
D:2:      layout_basic
D:3:      layout_rooms, chequers_serial_rivers_micro_b, kennysheep_cross_room,
          uniq_natasha, uniq_terence, uniq_robin

Skill      XL: |  1  2  3  4 |
---------------+-------------+-----
Unarmed Combat | 3 |  3.7
Spellcasting   | 1 |  1.4
Stealth        | 4 |  4.1
Necromancy     | 1 |  1.1
Fighting       | |  2.4
Dodging        | |  4.4

Action                   |  1- 3 |  4- 6 || total
-------------------------+-------+-------++-------
Melee: Spear             |   109 |       ||   109
       Punch             |     2 |     2 ||     4
       Dagger            |    75 |    41 ||   116
       Kick              |     8 |    10 ||    18
       Headbutt          |     5 |     6 ||    11
 Cast: Beastly Appendage |     7 |     8 ||    15
  Use: Scroll            |     4 |     1 ||     5
 Stab: Sleeping          |    12 |     2 ||    14
Armor: Robe              |    30 |     7 ||    37
Dodge: Dodged            |   156 |    41 ||   197
